 Dungeon Crawl Stone Soup version 0.29.0-4-gdea44cf6ec (webtiles) character file.

Game seed: 18095117546479359513

37 qw the Chopper (level 3, -2/29 HPs)
             Began as a Barachi Chaos Knight on Sept 5, 2022.
             Slain by a gnoll
             ... wielding a +0 whip
              (7 damage)
             ... on level 2 of the Dungeon.
             The game lasted 00:00:32 (1191 turns).

qw the Chopper (Barachi Chaos Knight)               Turns: 1191, Time: 00:00:33

Health: -2/29      AC:  6    Str: 15    XL:     3   Next: 39%
Magic:  3/3        EV: 11    Int: 12    God:
Gold:   71         SH:  0    Dex: 11    Spells: 2/2 levels left

rFire   . . .      SeeInvis .   a - +0 hand axe (chaos)
rCold   . . .      Faith    .   (no shield)
rNeg    . . .      Spirit   .   b - +2 leather armour
rPois   .          Reflect  .   e - +0 helmet
rElec   .          Harm     .   (no cloak)
rCorr   .          Rampage  .   (no gloves)
Will    .....                   (no boots)
Stlth   +.........              (no amulet)
HPRegen 0.09/turn               (no ring)
MPRegen 0.08/turn               (no ring)

@: slow
A: amphibious, slowness 1, strong legs 1, +LOS
a: Hop


You were on level 2 of the Dungeon.
You visited 1 branch of the dungeon, and saw 2 of its levels.

You collected 71 gold pieces.


Innate Abilities, Weirdness & Mutations

You are amphibious.
You cover ground slowly.
You can hop short distances.
You have an extended range of vision and can be seen from far away.


   Skills:
 - Level 3.6 Fighting
 + Level 4.8 Axes
 - Level 2.4 Armour
 - Level 1.1 Dodging


You had 2 spell levels left.
You didn't know any spells.
Your spell library was empty.

Inventory:

Hand Weapons
 a - a +0 hand axe of chaos (weapon)
 g - a +0 whip
Armour
 b - a +2 leather armour (worn)
 e - a +0 helmet (worn)
 k - an orb of wrath
Scrolls
 i - 2 scrolls of identify {unknown}
Potions
 d - a potion of curing {unknown}
 f - a potion of haste {unknown}
 h - a potion of invisibility {unknown}
 j - a potion of berserk rage {unknown}
Miscellaneous
 c - a piece from Xom's chessboard (15/15)

Dungeon Overview and Level Annotations

Branches:
Dungeon (2/15)

Altars:


Message History

The gnoll shouts!
The goblin shouts!
The gnoll hits you from afar with a +0 spear.
Found a scroll labelled YTIUMI ROJOI and a club.
The gnoll completely misses you.
You closely miss the gnoll. The gnoll hits you but does no damage.
You hit the gnoll. You burn the gnoll.
The gnoll is heavily wounded.
A gnoll comes into view. It is wielding a +0 whip.
The gnoll hits you from afar with a +0 spear.
You slash the gnoll!
The gnoll is heavily wounded.
The gnoll hits you with a +0 flail. The gnoll hits you but does no damage.
You hit the gnoll but do no damage.
The gnoll is heavily wounded.
The gnoll hits you but does no damage.
The gnoll hits you from afar with a +0 spear.
You barely miss the gnoll.
The gnoll is heavily wounded.
The gnoll hits you but does no damage.
You hit the gnoll.
The gnoll is heavily wounded.
You hit the goblin.
You feel better. The gnoll hits you with a +0 flail.
A gnoll comes into view. It is wielding a +0 halberd.
The gnoll hits you but does no damage. The goblin hits you but does no damage.
The gnoll shouts!
You hit the goblin.
You kill the goblin!
You barely miss the gnoll. You hit the gnoll but do no damage.
The gnoll is poisoned.
The gnoll hits you but does no damage. The gnoll hits you with a +0 whip.
The gnoll hits you from afar with a +0 spear.
You hit the gnoll. You freeze the gnoll.
You kill the gnoll!
You hit the gnoll. You freeze the gnoll.
The gnoll hits you from afar with a +0 spear.
The gnoll hits you with a +0 whip!
You die...
Xom howls with laughter!

..#?. #.# #.# #...
#.# #.# #...
###.###.#
#...##.......#
#............##.#
###....<..........#
......##(#.###.####
######.g##.#.# #.#
#......)@..#.. ...
#.###..)########.##
#..g. #.# #.... #>#
#.##g .# ... .. ..#
## #.# ).


You could see 3 gnolls.

Vanquished Creatures
  A gnoll (D:2)
  3 dart slugs (D:1)
  An endoplasm (D:1)
  2 giant cockroaches (D:1)
  6 goblins
  3 hobgoblins (D:1)
  3 ball pythons (D:1)
  6 bats
  A frilled lizard (D:1)
  3 rats (D:1)
29 creatures vanquished.

Notes
Turn   | Place    | Note
-------+----------+-------------------------------------------
     0 | D:1      | qw the Barachi Chaos Knight began the quest for the Orb.
     0 | D:1      | Reached XP level 1. HP: 18/18 MP: 1/1
     0 | D:1      | 0 ||| qw: Version: 0.1-a-104-g96f76f8
     0 | D:1      | 0 ||| qw: Game counter: 5997
     0 | D:1      | 0 ||| qw: Always use a shield: true
     0 | D:1      | 0 ||| qw: God list: Okawaru
     0 | D:1      | 0 ||| qw: Allow faded altars: false
     0 | D:1      | 0 ||| qw: Do Orc after D:15 true
     0 | D:1      | 0 ||| qw: Do second Lair branch before Depths: true
     0 | D:1      | 0 ||| qw: Lair rune preference: random
     0 | D:1      | 0 ||| qw: Plans: Normal
     0 | D:1      | 0 ||| PLANNING D:1-11
     0 | D:1      | Fell from the grace of Xom
    68 | D:1      | 68 ||| Stepping ~*~*~tactically~*~*~ (hiding).
    70 | D:1      | 70 ||| Stepping ~*~*~tactically~*~*~ (hiding).
    71 | D:1      | 71 ||| Stepping ~*~*~tactically~*~*~ (hiding).
    73 | D:1      | 73 ||| Stepping ~*~*~tactically~*~*~ (hiding).
    85 | D:1      | Reached XP level 2. HP: 24/24 MP: 2/2
   122 | D:1      | Reached skill level 4 in Axes
   341 | D:1      | XOM: 1-stop teleportation journey
   349 | D:1      | XOM: cloud trail
   481 | D:1      | 481 ||| DROPPING +0 club.
   541 | D:1      | 541 ||| Stepping ~*~*~tactically~*~*~ (stealth).
   543 | D:1      | 543 ||| Stepping ~*~*~tactically~*~*~ (hiding).
   718 | D:1      | Reached XP level 3. HP: 29/29 MP: 3/3
   907 | D:1      | 907 ||| Stepping ~*~*~tactically~*~*~ (hiding).
  1021 | D:1      | 1021 ||| UPGRADING to +0 helmet.
  1177 | D:2      | 1177 ||| Stepping ~*~*~tactically~*~*~ (hiding).
  1190 | D:2      | HP: 5/29 [gnoll/+0 spear (3)]
  1191 | D:2      | Slain by a gnoll

Levels and vault maps discovered:
D:1:      scummos_arrival_simple_fountains, layout_loops_ring
D:2:      layout_loops_ring, uniq_natasha

Skill      XL: |  1  2 |
---------------+-------+-----
Axes           | 4 |  4.8
Fighting       | |  3.6
Armour         | |  2.4
Dodging        | |  1.1

Action                   || total
-------------------------++-------
Melee: Hand axe          ||    78
       Punch             ||     1
Invok: Renounce Religion ||     1
Armor: Leather armour    ||    30
Dodge: Dodged            ||    35

Table legend:
 A = Non-vault XP
 B = Vault XP
 C = Vault XP percentage of total XP
 D = Non-vault monster count
 E = Vault monster count
 F = Vault count percentage of total count
                 A         B        C        D         E       F
            +---------+---------+-------+---------+---------+-------
      Total |      67 |       0 |   0.0 |      29 |       0 |   0.0
            +---------+---------+-------+---------+---------+-------
        D:1 |      48 |       0 |   0.0 |      25 |       0 |   0.0
        D:2 |      19 |       0 |   0.0 |       4 |       0 |   0.0
            +---------+---------+-------+---------+---------+-------
